 Dungeon Crawl Stone Soup version 0.28-a0-697-g47f3eba078 (webtiles) character file.

Game seed: 2456321675243946290

42 Crownlay the Shield-Bearer (level 3, -1/29 HPs)
             Began as a Formicid Fighter on Oct 23, 2021.
             Slain by Natasha (2 damage)
             ... on level 2 of the Dungeon.
             The game lasted 00:01:25 (993 turns).

Crownlay the Shield-Bearer (Formicid Fighter)        Turns: 993, Time: 00:01:25

Health: -1/29      AC:  6    Str: 21    XL:     3   Next: 80%
Magic:  3/3        EV:  9    Int:  7    God:
Gold:   19         SH:  4    Dex: 10    Spells: 2/2 levels left

rFire   . . .      SeeInvis +   a - +0 war axe
rCold   . . .      Faith    .   c - +0 buckler
rNeg    . . .      Spirit   .   b - +0 scale mail
rPois   .          Reflect  .   (helmet unavailable)
rElec   .          Harm     .   (no cloak)
rCorr   .          Rampage  .   (no gloves)
Will    .....                   (no boots)
Stlth   ..........              (no amulet)
HPRegen 0.09/turn               (no ring)
MPRegen 0.08/turn               (no ring)

@: no status effects
A: permanent stasis, dig shafts and tunnels, antennae 3, four strong arms
a: Dig, Shaft Self


You were on level 2 of the Dungeon.
You visited 1 branch of the dungeon, and saw 2 of its levels.

You collected 19 gold pieces.

Inventory:

Hand Weapons
 a - a +0 war axe (weapon)
Armour
 b - a +0 scale mail (worn)
 c - a +0 buckler (worn)
Scrolls
 e - a scroll of magic mapping {unknown}
 f - a scroll of acquirement {unknown}
 h - 2 scrolls of teleportation {unknown}
Potions
 d - a potion of might
 g - a potion of curing {unknown}


   Skills:
 - Level 3.2 Fighting
 * Level 3.6 Axes
 - Level 3.2 Armour
 - Level 4.0 Shields


You had 2 spell levels left.
You didn't know any spells.
Your spell library was empty.

Dungeon Overview and Level Annotations

Branches:
Dungeon (2/15)

Altars:

Annotations:
D:2 Natasha


Innate Abilities, Weirdness & Mutations

You cannot be hasted, slowed, berserked, paralysed or teleported.
You can dig through walls and to a lower floor.
You have a pair of large antennae on your head. (SInv)
Your four strong arms can wield two-handed weapons with a shield.


Message History

Natasha claws you but does no damage.
You barely miss Natasha.
Natasha is heavily wounded.
You hit the quokka but do no damage. The quokka barely misses you.
The quokka bites you but does no damage.
Natasha casts a spell.
You hit Natasha.
Natasha is heavily wounded.
You slash the quokka!
You kill the quokka!
Your scale mail prevents you from hitting the shadow imp.
Natasha casts a spell at you. The magic dart hits you!
The shadow imp lashes its tail.
The shadow imp closely misses you.
You barely miss Natasha.
Natasha is heavily wounded.
You barely miss the shadow imp. Natasha closely misses you.
The shadow imp hits you.
* * * LOW HITPOINT WARNING * * *
You closely miss Natasha.
Natasha is heavily wounded.
You closely miss the shadow imp. Natasha barely misses you.
The shadow imp gestures at you.
You barely resist.
Natasha stares at you and mumbles some strange words.
Your stasis prevents you from being slowed.
You hit Natasha but do no damage.
Natasha is heavily wounded.
You slash the shadow imp! The shadow imp gestures at you.
Pain shoots through your body!
* * * LOW HITPOINT WARNING * * *
Natasha closely misses you.
The shadow imp grinds its teeth.
The shadow imp hits you but does no damage.
You closely miss Natasha.
Natasha is heavily wounded.
You closely miss the shadow imp. Natasha claws you.
You die...

.#### .....##
.......
.......
.......
.......
.......#######
......h@5.†.<#
......)#######
.......
.......
.......
##+####


You could see Natasha and a shadow imp (summoned).

Vanquished Creatures
  A gnoll (D:1)
  A bat (D:2)
  6 endoplasms (D:1)
  A goblin (D:1)
  5 hobgoblins (D:1)
  2 jackals (D:1)
  2 quokkas
  3 ball pythons (D:1)
  A kobold (D:2)
  7 rats (D:1)
29 creatures vanquished.

Notes
Turn   | Place    | Note
-------+----------+-------------------------------------------
     0 | D:1      | Crownlay the Formicid Fighter began the quest for the Orb.
     0 | D:1      | Reached XP level 1. HP: 18/18 MP: 1/1
    71 | D:1      | Reached XP level 2. HP: 19/24 MP: 2/2
   301 | D:1      | Reached skill level 4 in Shields
   301 | D:1      | Reached XP level 3. HP: 12/29 MP: 3/3
   981 | D:2      | Noticed Natasha
   992 | D:2      | HP: 1/29 [shadow imp/nerve-wracking pain[Natasha] (8)]
   993 | D:2      | Slain by Natasha

Illustrated notes

Levels and vault maps discovered:
D:1:      minmay_arrival_pointy, layout_loops_ring
D:2:      layout_basic, shapermc_ecumenical_altar_notcrosses, serial_shops,
          nicolae_shop_window_shopping, kennysheep_minor_cross,
          minmay_split_cup_large, uniq_natasha, uniq_jessica

Skill      XL: |  1  2 |
---------------+-------+-----
Axes           | 3 |  3.6
Shields        | 4 |  4.0
Fighting       | |  3.2
Armour         | |  3.2

Action                   || total
-------------------------++-------
Melee: War axe           ||    78
Armor: Scale mail        ||    40
Dodge: Dodged            ||    47
Block: Buckler           ||    11

Table legend: (Time is in decaauts)
 A = Elapsed time spent in this place.
 B = Non-inter-level travel time spent in this place.
 C = Inter-level travel time spent in this place.
 D = Time resting spent in this place.
 E = Time spent auto-exploring this place.
 F = Levels seen in this place.
 G = Mean time per level.
                   A        B        C        D        E       F      G
               +--------+--------+--------+--------+--------+-----+--------+
         Total |   1019 |    990 |     29 |      0 |    819 |   2 |  509.5 |
       Dungeon |   1019 |    990 |     29 |      0 |    819 |   2 |  509.5 |
               +--------+--------+--------+--------+--------+-----+--------+

Top non-repeatable levels by time:
     D:1: 996 daAuts
     D:2: 22 daAuts
